 Dungeon Crawl Stone Soup version 0.32-a0-128-g77eb882913 (webtiles) character file.

Game seed: 6701645632047727640

320 Nattfarinn the Changeling (level 6, -4/51 HPs)
             Began as a Naga Shapeshifter on Feb 8, 2024.
             Splashed by a jelly's acid (8 damage)
             ... on level 4 of the Dungeon.
             The game lasted 00:05:12 (3965 turns).

Nattfarinn the Changeling (Naga Shapeshifter)       Turns: 3965, Time: 00:05:12

Health: -4/51      AC: -7    Str: 16    XL:     6   Next: 46%
Magic:  6/6        EV:  9    Int: 12    God:
Gold:   85         SH:  0    Dex: 11    Spells: 5/5 levels left

rFire   . . .        e - +0 dagger (venom)
rCold   . . .        (no shield)
rNeg    + . .        a - +0 animal skin
rPois   +            k - +1 helmet
rElec   .            (no cloak)
rCorr   .            (no gloves)
SInv    +            (no barding)
Will    .....        (no amulet)
Stlth   +            q - ring of positive energy
HPRegen 0.28/turn    (no ring)
MPRegen 0.10/turn

%: no passive effects
@: brilliant, corroded, very slow
A: AC +2, large, see invisible, deformed body, poison resistance, slowness 2,
spit poison 1, naga tail 1
a: Spit Poison


You were on level 4 of the Dungeon.
You visited 1 branch of the dungeon, and saw 4 of its levels.

You collected 85 gold pieces.

Inventory:

Hand Weapons
 e - a +0 dagger of venom (weapon)
Missiles
 f - 2 curare-tipped darts
Armour
 a - a +0 animal skin (worn)
 k - a +1 helmet (worn)
Jewellery
 q - a ring of positive energy (left hand)
Talismans
 c - a beast talisman
 d - a flux talisman
Wands
 m - a wand of charming (10)
 p - a wand of quicksilver (8)
Scrolls
 l - a scroll of brand weapon {unknown}
 s - a scroll of identify {unknown}
Potions
 b - a potion of brilliance
 g - a potion of heal wounds {unknown}
 h - 2 potions of invisibility {unknown}
 i - a potion of curing {unknown}
 n - a potion of enlightenment {unknown}
 o - a potion of haste {unknown}
 r - a potion of degeneration {unknown}
 t - 2 potions of ambrosia {unknown}


   Skills:
 - Level 1.0 Fighting
 - Level 1.5 Dodging
 + Level 4.7 Unarmed Combat
 * Level 5.6 Shapeshifting


You had 5 spell levels left.
You didn't know any spells.
Your spell library contained the following spells:

 Spells                   Type           Power      Damage    Failure   Level
 Call Imp                 Summ           0%         N/A       45%         2
 Cigotuvi's Dreadful Rot  Necr/Alch/Air  0%         N/A       45%         2
 Sublimation of Blood     Necr           0%         N/A       45%         2
 Dispel Undead            Necr           0%         3d6       97%         4
 Martyr's Knell           Necr/Summ      0%         N/A       97%         4
 Death Channel            Necr           0%         N/A       100%        6
 Summon Hydra             Summ           0%         N/A       100%        7


Dungeon Overview and Level Annotations

Branches:
Dungeon (4/15)
 Temple: D:4-7

Altars:
Dithmenos


Innate Abilities, Weirdness & Mutations

Your serpentine skin is tough. (AC +2)
You have supernaturally acute eyesight. (SInv)
Armour fits poorly on your strangely shaped body.
Your system is resistant to poisons. (rPois)
You cover ground very slowly.
You can spit poison.
You have a snake-like lower body.


Message History

The hound is lightly wounded.
The hound bites you but does no damage. The hound bites you.
You closely miss the hound.
The hound is lightly wounded.
The hound bites you.
You barely miss the hound.
The hound is lightly wounded.
The kobold shouts!
The hound bites you. The hound barely misses you.
You hit the hound.
The hound looks as sick as possible!
Your punch misses the hound.
The hound is heavily wounded.
The hound bites you.
You hit the hound.
The hound looks as sick as possible!
The hound is heavily wounded.
The hound barely misses you. The hound closely misses you.
You hit the hound but do no damage.
The hound looks as sick as possible!
The hound is severely wounded.
The hound barely misses you.
You barely miss the hound.
The hound is almost dead.
You kill the hound!
The kobold throws a stone.
The stone hits you but does no damage.
You hit the jelly but do no damage.
Your hands burn!
The jelly hits you. The acid corrodes you!
You are splashed with acid!
You barely miss the jelly. Your punch misses the jelly. The jelly hits you.
The acid corrodes you!
You are splashed with acid!
As you read the scroll labelled JOCOGR XETOPPO, it crumbles to dust.
It is a scroll of enchant armour.
Your +0 helmet glows green for a moment.
The jelly hits you.
* * * LOW HITPOINT WARNING * * *
The acid corrodes you!
You are splashed with acid!
* * * LOW HITPOINT WARNING * * *
It was a potion of brilliance.
You feel clever all of a sudden. The jelly hits you.
* * * LOW HITPOINT WARNING * * *
The acid corrodes you!
You are splashed with acid!
You die...

.> #. #.. ... ..##.#
.....w### ##
#...KJ.## .# #. #@.#
#.###..# #...##.## #
##########.....##
#####...........(...#
......###############
...#### ...# ...#


You could see a jelly, a dart slug and a kobold.

Vanquished Creatures
  Sigmund (D:2)
  2 hounds
  4 adders
  A shadow imp (D:3)
  2 white imps
  A ribbon worm (D:3)
  4 bats
  An endoplasm (D:1)
  4 giant cockroaches
  7 hobgoblins
  6 jackals (D:1)
  2 quokkas
  6 ball pythons
  2 frilled lizards
  2 goblins (D:3)
  5 kobolds
  3 rats
53 creatures vanquished.

Notes
Turn   | Place    | Note
-------+----------+-------------------------------------------
     0 | D:1      | Nattfarinn the Naga Shapeshifter began the quest for the
                  | Orb.
     0 | D:1      | Reached XP level 1. HP: 18/18 MP: 1/1
   346 | D:1      | Reached XP level 2. HP: 25/25 MP: 2/2
  1363 | D:2      | Reached XP level 3. HP: 24/31 MP: 3/3
  1447 | D:2      | Found a shadowy altar of Dithmenos.
  1574 | D:2      | Noticed Sigmund
  1685 | D:2      | Killed Sigmund
  1686 | D:2      | Reached skill level 5 in Shapeshifting
  1686 | D:2      | Reached XP level 4. HP: 38/38 MP: 4/4
  1686 | D:2      | Reached XP level 5. HP: 44/44 MP: 5/5
  2162 | D:3      | Reached XP level 6. HP: 33/51 MP: 6/6
  3965 | D:4      | Splashed by a jelly's acid

Illustrated notes

Levels and vault maps discovered:
D:1:      wheals_arrival_linesprint, layout_basic, nicolae_eternal_life,
          minmay_pentomino_u4
D:2:      layout_basic, basic_altar, uniq_sigmund
D:3:      layout_basic
D:4:      layout_rooms, serial_demonic, serial_demonic_e, serial_demonic_d,
          serial_demonic_g, serial_demonic_a, serial_demonic_f,
          minmay_misc_feat_room, minmay_goblin_kobold_house

Skill      XL: |  1  2  3 |
---------------+----------+-----
Unarmed Combat | 4 |  4.7
Shapeshifting  | 5 |  5.6
Fighting       | |  1.0
Dodging        | |  1.5

Action                     |  1- 3 |  4- 6 || total
---------------------------+-------+-------++-------
  Melee: Dagger            |    96 |   113 ||   209
         Unarmed           |     2 |       ||     2
         Punch             |     1 |     7 ||     8
Ability: Spit Poison       |     1 |       ||     1
    Use: Potion            |     1 |     1 ||     2
         Scroll            |       |     1 ||     1
   Stab: Sleeping          |       |     1 ||     1
 Armour: Animal skin       |    66 |    97 ||   163
         Skin              |     8 |       ||     8
  Dodge: Dodged            |    42 |    60 ||   102
         Form:             |     1 |       ||     1
         Beast             |     1 |       ||     1

Table legend: (Time is in decaauts)
 A = Elapsed time spent in this place.
 B = Non-inter-level travel time spent in this place.
 C = Inter-level travel time spent in this place.
 D = Time resting spent in this place.
 E = Time spent auto-exploring this place.
 F = Levels seen in this place.
 G = Mean time per level.
                   A        B        C        D        E       F      G
               +--------+--------+--------+--------+--------+-----+--------+
         Total |   4863 |   4635 |    228 |    744 |   3205 |   4 | 1215.8 |
       Dungeon |   4863 |   4635 |    228 |    744 |   3205 |   4 | 1215.8 |
               +--------+--------+--------+--------+--------+-----+--------+

Top non-repeatable levels by time:
     D:3: 1943 daAuts
     D:1: 1816 daAuts
     D:2: 871 daAuts
     D:4: 232 daAuts
